 Dungeon Crawl Stone Soup version 0.18.1-47-g9310371 (webtiles) character file.

127 Jersh the Conjurer (level 5, -1/37 HPs)
             Began as a Human Conjurer on June 13, 2016.
             Was a Follower of Nemelex Xobeh.
             Slain by a gnoll
             ... wielding a +0 spear
              (7 damage)
             ... on level 5 of the Dungeon.
             The game lasted 00:26:33 (2376 turns).

Jersh the Conjurer (Human Conjurer)                 Turns: 2376, Time: 00:26:34

Health: -1/37      AC:  3    Str:  8    XL:     5   Next: 33%
Magic:  0/8        EV: 13    Int: 16    God:    Nemelex Xobeh [*.....]
Gold:   157        SH:  0    Dex: 14    Spells: 2 memorised, 6 levels left

rFire  . . .     SeeInvis .       - Unarmed
rCold  . . .     Gourm    .     a - +1 robe
rNeg   . . .     Faith    .     (no shield)
rPois  .         Spirit   .     (no helmet)
rElec  .         Dismiss  .     (no cloak)
rCorr  +         Reflect  .     (no gloves)
SustAt .         Harm     .     (no boots)
MR     .....                    (no amulet)
Stlth  ++........               (no ring)
                                h - ring of resist corrosion

@: not resistant to hostile enchantments, unstealthy
A: no striking features
a: Renounce Religion


You were on level 5 of the Dungeon.
You worshipped Nemelex Xobeh.
Nemelex Xobeh was aware of your devotion.
You were hungry.

You visited 1 branch of the dungeon, and saw 5 of its levels.

You collected 161 gold pieces.

Inventory:

Armour
 a - a +1 robe (worn)
Jewellery
 h - a ring of resist corrosion (left hand)
Scrolls
 i - 3 scrolls of identify
Potions
 j - a potion of flight
Books
 b - a book of Conjurations

   Spells                             Type                      Level
   a - Magic Dart                     Conjuration                  1
   b - Searing Ray                    Conjuration                  2
   c - Dazzling Spray                 Conjuration/Hexes            3
   d - Fulminant Prism                Conjuration/Hexes            4
   e - Iskenderun's Mystic Blast      Conjuration                  4
   f - Iskenderun's Battlesphere      Conjuration/Charms           5
 e - a book of Battle

   Spells                             Type                      Level
   a - Infusion                       Charms                       1
   b - Shroud of Golubria             Charms/Translocation         2
   c - Song of Slaying                Charms                       2
   d - Spectral Weapon                Hexes/Charms                 3
   e - Regeneration                   Charms/Necromancy            3
Miscellaneous
 d - a plain deck of escape {drawn: 4}
 f - a plain deck of war {drawn: 3}
Comestibles
 c - 5 bread rations
 g - a slice of pizza


   Skills:
 + Level 1.1 Fighting
 + Level 1.0 Throwing
 + Level 2.5 Dodging
 + Level 2.3 Stealth
 + Level 1.0 Unarmed Combat
 + Level 2.6 Spellcasting
 + Level 5.0 Conjurations


You had 6 spell levels left.
You knew the following spells:

 Your Spells              Type           Power        Failure   Level  Hunger
a - Magic Dart            Conj           ###.         2%          1    #......
b - Searing Ray           Conj           ###...       4%          2    ##.....


Dungeon Overview and Level Annotations

Branches:
Dungeon (5/15)
 Temple: D:4-7

Altars:
Ashenzari
Cheibriados
Nemelex Xobeh
Ru

Shops:
D:4 =


Message History

Confirm with . or Enter, or press ? or * to list all spells.
Aiming: Magic Dart
Press: ? - help, Shift-Dir - straight line, f/p - gnoll
Aim: a gnoll, wielding a spear (moderately wounded)
The magic dart hits the gnoll.
The gnoll is heavily wounded.
The gnoll hits you from afar with a spear.
Casting: Magic Dart
Confirm with . or Enter, or press ? or * to list all spells.
Aiming: Magic Dart
Press: ? - help, Shift-Dir - straight line, f/p - gnoll
Aim: a gnoll, wielding a spear (heavily wounded)
The magic dart hits the gnoll.
The gnoll is heavily wounded.
You are feeling hungry.
The gnoll hits you from afar with a spear!
* * * LOW HITPOINT WARNING * * *
The gnoll hits you from afar with a spear!
You die...
Your body disappears without a glow.

##............##
#............#
##...........#
##.........##
##........# .
##(.....## ...
#gg...##
.....###....##
.......@g.###
....##....# .
###..# ##..#
##..# #... ....
....


You could see 3 gnolls.

Vanquished Creatures
  A hound (D:3)
  A gnoll (D:5)
  4 adders
  A worm (D:3)
  A dart slug (D:4)
  A giant gecko (D:3)
  6 orcs
  A giant cockroach (D:3)
  A hobgoblin (D:1)
  2 jackals (D:3)
  4 kobolds
  A quokka (D:2)
  9 bats
  A giant newt (D:3)
  6 goblins
  6 rats
46 creatures vanquished.

Notes
Turn   | Place    | Note
--------------------------------------------------------------
     0 | D:1      | Jersh the Human Conjurer began the quest for the Orb.
     0 | D:1      | Reached XP level 1. HP: 13/13 MP: 3/3
   228 | D:1      | Reached XP level 2. HP: 19/19 MP: 1/5
   302 | D:1      | Found a shattered altar of Ashenzari.
   896 | D:2      | Found a sacrificial altar of Ru.
   962 | D:2      | Reached XP level 3. HP: 20/24 MP: 1/6
  1112 | D:3      | Found a sparkling altar of Nemelex Xobeh.
  1214 | D:3      | Became a worshipper of Nemelex Xobeh the Trickster
  1347 | D:3      | Received a gift from Nemelex Xobeh
  1533 | D:3      | Reached skill level 1 in Unarmed Combat
  1533 | D:3      | Reached XP level 4. HP: 31/31 MP: 3/7
  1675 | D:4      | Noticed a phantom
  1741 | D:3      | Reached skill level 1 in Fighting
  1941 | D:3      | Learned a level 2 spell: Searing Ray
  1982 | D:4      | Noticed a phantom
  1982 | D:4      | Reached XP level 5. HP: 33/37 MP: 4/8
  2017 | D:4      | Found a snail-covered altar of Cheibriados.
  2019 | D:4      | Received a gift from Nemelex Xobeh
  2082 | D:3      | HP: 1/37 [poisoned by a worker ant]
  2120 | D:4      | Found Exzecw's Jewellery Emporium.
  2245 | D:5      | Entered Level 5 of the Dungeon
  2245 | D:5      | Reached * piety under Nemelex Xobeh
  2281 | D:5      | Reached skill level 1 in Throwing
  2325 | D:5      | Reached skill level 5 in Conjurations
  2376 | D:5      | Slain by a gnoll

Skill      XL: |  1  2  3  4  5 |
---------------+----------------+-----
Unarmed Combat | 1 |  1.0
Fighting       | 1 |  1.1
Throwing       | 1 |  1.0
Conjurations   | 5 |  5.0
Dodging        | |  2.5
Stealth        | |  2.3
Spellcasting   | |  2.6

Action                   |  1- 3 |  4- 6 || total
-------------------------+-------+-------++-------
Melee: Unarmed           |    46 |    14 ||    60
Throw: Tomahawk          |     9 |     3 ||    12
 Cast: Magic Dart        |    80 |    57 ||   137
       Searing Ray       |       |     3 ||     3
Evoke: Deck              |       |     7 ||     7
  Use: Scroll            |     6 |       ||     6
       Potion            |     6 |     2 ||     8
  Eat: Chunk             |     1 |     4 ||     5
       Beef jerky        |     1 |       ||     1
Armor: Robe              |    14 |     4 ||    18
Dodge: Dodged            |    44 |    49 ||    93
